Map: Backwater LE

Players

Ascarecrow - Winner!

  • Race: Zerg Zerg
  • League: Master
  • Spawn Location: 5:00

Vivid

  • Race: Zerg Zerg
  • League: Master
  • Spawn Location: 11:00

VOD

Have the link to the VOD?

Description

Time

  • Played on: Jan. 29, 2018, 3:24 a.m.
  • Length: 13:57
Show
View Real Time Build Order
Export as new Build Order

Ascarecrow Zerg - Winner!

Build Orders: Hatch First, Lurkers 

Get SALT Encoding   

  12  0:01  Drone  
  13  0:12  Overlord  
  13  0:17  Drone  
  14  0:31  Drone x2  
  16  0:50  Hatchery  
  16  0:51  Drone  
  16  0:55  Drone  
  17  1:10  Spawning Pool  
  16  1:12  Drone  
  16  1:15  Drone  
  18  1:23  Drone  
  19  1:35  Drone  
  20  1:56  Queen  
  22  2:02  Queen  
  22  2:03  Zergling x4  
  22  2:07  Overlord  
  26  2:09  Drone  
  27  2:20  Hatchery  
  27  2:21  Drone x2  
  28  2:32  Drone x2  
  30  2:38  Queen  
  32  2:47  Drone x4  
  36  2:53  Extractor  
  36  2:55  Queen, Extractor  
  36  3:17  Overlord  
  36  3:24  Overlord x2  
  36  3:32  Queen, Drone x3  
  36  3:33  Drone  
  42  3:36  Drone  
  42  3:37  Drone x2  
  42  3:39  Drone x2  
  47  3:46  Drone  
  47  3:47  Drone  
  49  3:51  Queen  
  49  3:52  Drone  
  49  3:53  Drone x3  
  55  4:00  Lair  
  55  4:03  Drone x2  
  57  4:12  Roach Warren  
  57  4:15  Evolution Chamber  
  57  4:16  Drone  
  58  4:17  Drone x2  
  58  4:31  Drone  
  58  4:32  Drone x7  
  58  4:37  Overlord x2  
  66  4:47  Zerg Missile Weapons Level 1  
  66  4:51  Drone, Extractor x2  
  66  4:52  Drone  
  66  4:56  Drone x8  
  74  5:06  Overlord  
  74  5:07  Overlord  
  74  5:10  Extractor  
  73  5:14  Drone x3  
  73  5:15  Extractor  
  73  5:19  Drone x2  
  73  5:20  Drone  
  73  5:21  Spire  
  77  5:25  Overlord  
  77  5:26  Roach  
  77  5:27  Roach x2  
  83  5:41  Roach x7  
  97  5:47  Overlord x4  
  97  5:58  Overlord  
  97  6:10  Drone x2  
  97  6:11  Overlord x2  
  99  6:19  Hatchery  
  99  6:23  Roach  
  99  6:24  Roach x4  
  108  6:29  Overlord  
  108  6:33  Mutalisk x8  
  112  6:53  Mutalisk  
  106  6:54  Mutalisk x2  
  106  6:56  Roach  
  106  6:57  Roach x4  
  110  7:11  Glial Reconstitution  
  110  7:13  Zerg Missile Weapons Level 2  
  110  7:18  Drone  
  110  7:19  Drone x10  
  121  7:27  Hydralisk Den  
  120  7:33  Overlord  
  120  7:34  Overlord  
  120  7:46  Roach x7  
  120  7:47  Roach x3  
  136  8:00  Muscular Augments  
  136  8:01  Roach  
  136  8:02  Roach x9  
  156  8:10  Extractor  
  156  8:12  Lurker Den  
  154  8:14  Extractor  
  154  8:16  Drone x2  
  154  8:17  Drone  
  156  8:21  Roach  
  156  8:22  Roach x6  
  170  8:29  Overlord x2  
  170  8:47  Roach  
  170  8:48  Roach x2  
  174  8:56  Hydralisk x10  
  194  9:03  Overseer  
  194  9:06  Hydralisk  
  194  9:07  Hydralisk x2  
  200  9:13  Pneumatized Carapace  
  194  9:32  Overlord x5  
  192  9:43  Zerg Ground Armor Level 1  
  192  9:49  Overlord x2  
  192  9:53  Lurker x2  
  192  9:54  Lurker x6  
  200  10:03  Infestation Pit  
  197  10:52  Hydralisk  
  182  11:12  Hydralisk  
  182  11:13  Hydralisk x11  
  128  11:26  Hydralisk x7  
  128  11:27  Hydralisk x13  
  150  11:48  Hive  
  150  11:53  Roach  
  160  11:54  Roach x5  
  160  11:55  Hatchery  
  160  11:58  Overseer  
  161  12:15  Hydralisk  
  155  12:16  Hydralisk x7  
  169  12:30  Lurker  
  169  12:31  Lurker x5  
  169  12:33  Lurker  
  176  12:38  Roach  
  176  12:39  Roach x3  
  182  12:49  Roach x6  
  182  12:50  Roach  
  194  12:56  Overseer x2  
  190  13:21  Roach  
  190  13:22  Roach x4  
Show
View Real Time Build Order
Export as new Build Order

Vivid Zerg 

Build Orders: Hatch First 

Get SALT Encoding   

  12  0:01  Drone  
  13  0:15  Overlord  
  13  0:18  Drone  
  14  0:34  Drone x2  
  16  0:37  Drone  
  17  0:54  Hatchery  
  16  1:01  Drone  
  17  1:07  Drone  
  18  1:15  Extractor  
  17  1:21  Spawning Pool  
  17  1:22  Drone x2  
  18  1:38  Drone  
  19  1:42  Overlord  
  19  2:06  Drone  
  19  2:07  Queen  
  19  2:08  Queen  
  24  2:09  Drone  
  24  2:10  Drone  
  24  2:14  Drone  
  24  2:15  Metabolic Boost  
  27  2:20  Drone  
  28  2:29  Drone  
  30  2:30  Drone  
  30  2:39  Hatchery  
  30  2:43  Zergling x2  
  30  2:48  Drone  
  32  2:51  Drone  
  32  2:53  Baneling Nest  
  32  2:56  Drone  
  32  3:03  Drone  
  33  3:08  Drone  
  34  3:14  Drone  
  34  3:19  Overlord  
  35  3:20  Drone  
  35  3:23  Overlord  
  35  3:36  Drone  
  35  3:37  Queen, Drone x2  
  35  3:38  Drone  
  35  3:39  Drone  
  35  3:40  Drone  
  43  3:49  Drone x2  
  43  3:50  Drone  
  43  3:53  Drone x3, Extractor  
  43  3:54  Extractor  
  43  3:55  Drone  
  48  3:57  Queen  
  48  3:58  Evolution Chamber  
  48  4:02  Zergling x4  
  51  4:06  Overlord  
  51  4:07  Drone x2  
  53  4:12  Lair  
  53  4:16  Drone  
  53  4:17  Drone  
  55  4:24  Zerg Missile Weapons Level 1  
  55  4:25  Drone  
  55  4:26  Drone x3  
  55  4:27  Drone x3  
  62  4:32  Roach Warren  
  62  4:36  Drone  
  62  4:41  Overlord  
  61  4:48  Overlord  
  61  5:02  Drone x5  
  65  5:07  Overlord  
  65  5:08  Overlord x2  
  65  5:10  Drone  
  65  5:11  Drone, Overlord  
  65  5:12  Glial Reconstitution  
  65  5:13  Roach  
  69  5:14  Roach  
  69  5:15  Overseer  
  69  5:18  Roach  
  73  5:23  Extractor  
  72  5:30  Roach x7  
  86  5:38  Roach x5  
  96  5:49  Extractor  
  95  5:51  Extractor  
  95  5:54  Roach x2  
  95  5:57  Overlord x2  
  98  6:02  Hydralisk Den  
  98  6:03  Hatchery  
  96  6:09  Drone x2  
  96  6:11  Overlord x3  
  98  6:17  Drone x2  
  98  6:18  Drone x2  
  101  6:19  Drone x2  
  104  6:27  Overlord  
  104  6:28  Overlord  
  104  6:29  Drone x3  
  104  6:30  Drone  
  104  6:48  Drone  
  104  6:49  Drone x7  
  104  6:50  Drone x2  
  114  7:00  Hydralisk x2  
  112  7:06  Hydralisk x5  
  106  7:12  Spore Crawler  
  106  7:13  Hydralisk x2  
  106  7:14  Spore Crawler  
  106  7:15  Muscular Augments  
  104  7:16  Spore Crawler  
  104  7:17  Spore Crawler  
  104  7:19  Hydralisk x3, Spore Crawler x2  
  102  7:25  Spore Crawler  
  102  7:26  Hydralisk  
  102  7:27  Spore Crawler  
  102  7:28  Hydralisk x2  
  106  7:31  Hydralisk x2  
  110  7:40  Hydralisk x5  
  120  7:52  Zerg Missile Weapons Level 2  
  120  7:53  Infestation Pit  
  120  7:58  Evolution Chamber  
  118  8:10  Overlord x7  
  118  8:17  Overseer  
  118  8:23  Drone x2  
  118  8:24  Drone x4  
  124  8:30  Pathogen Glands  
  124  8:44  Burrow  
  124  8:45  Overlord  
  124  8:52  Extractor  
  123  8:57  Zerg Ground Armor Level 1  
  123  8:58  Infestor x4  
  123  9:01  Roach x14  
  159  9:05  Zergling x2  
  159  9:06  Zergling x4  
  159  9:07  Overlord  
  159  9:09  Roach x3  
  168  9:37  Overlord  
  168  9:39  Overlord x2  
  165  9:48  Extractor  
  165  9:49  Overlord  
  165  9:50  Centrifical Hooks  
  164  9:52  Hydralisk  
  164  9:53  Hydralisk x7  
  164  9:54  Overlord x2  
  164  9:55  Overlord x2  
  164  9:56  Hatchery  
  179  10:02  Overlord  
  179  10:04  Drone  
  179  10:05  Overseer, Drone x2  
  182  10:10  Overseer  
  182  10:20  Roach  
  182  10:21  Roach x9  
  200  10:34  Overlord  
  196  10:45  Ravager x5  
  190  10:52  Hive  
  190  10:54  Spire  
  189  11:02  Overlord  
  178  11:16  Roach  
  178  11:17  Roach x6  
  117  11:26  Hydralisk x2  
  117  11:28  Hydralisk x9  
  117  11:30  Overseer  
  117  11:35  Hydralisk x2  
  117  11:36  Pneumatized Carapace  
  117  11:38  Ravager x2  
  119  11:53  Hydralisk x4  
  121  11:58  Roach x4  
  121  11:59  Hatchery  
  121  12:00  Drone x3  
  121  12:13  Ravager x2  
  121  12:14  Hydralisk x4, Ravager  
  124  12:20  Zergling x2  
  124  12:21  Zergling x4  
  121  12:28  Zergling x8  
  121  12:40  Zergling x14  
  128  12:48  Baneling x6  
  128  12:54  Baneling x5  
  122  12:58  Zergling x2  
  122  12:59  Zergling x8  
  122  13:02  Baneling x5  
  122  13:03  Baneling x9  
  126  13:13  Hydralisk x5  
  126  13:14  Hydralisk x2  
  126  13:15  Baneling x6  
  139  13:25  Baneling x5  
  139  13:26  Baneling x3  
  124  13:37  Overlord x3  
Tags
 
Composition
Lurkers
Matchup
ZvZ
Race
Zerg
Spawn Locations
Cross Positions
Add a new tag
Caveats
  • Supply blocks, unpowered buildings, or Contaminate may cause inaccurate times.
  • Supply counts are checked every 10 seconds.